 Dungeon Crawl Stone Soup version 0.31-a0-851-g7ff8af7976 (webtiles) character file.

Game seed: 7661649644571101543

354750 jlumianski the Hoplite (level 22, -3/150 HPs)
             Began as a Gargoyle Fighter on Sept 22, 2023.
             Was the Champion of Qazlal.
             Killed by an exploding vault warden (4 damage)
             ... ignited by their inner flame
             ... on level 5 of the Vaults on Oct 6, 2023.
             The game lasted 06:22:53 (53397 turns).

jlumianski the Hoplite (Gargoyle Fighter)          Turns: 53397, Time: 06:22:54

Health: -3/150     AC: 48    Str: 29    XL:     22   Next: 30%
Magic:  44/44      EV:  7    Int: 14    God:    Qazlal [******]
Gold:   1148       SH: 33    Dex:  9    Spells: 28/28 levels left

rFire   + + +        F - +9 broad axe (venom)
rCold   x . .        k - +0 tower shield
rNeg    + + .        a - +4 plate armour {rF+}
rPois   ∞            b - +1 helmet of Cumiqyxa {rPois Will+}
rElec   +            e - +1 cloak of the Sky {rPois rN+ MP+9}
rCorr   .            B - +1 pair of gloves of Mordant Joy {rF+}
SInv    .            h - +2 pair of boots {rampage}
Will    ++...        l - amulet of reflection Stlth
                     p - ring of fire
HPRegen 0.45/turn    n - ring of Qazlal's Displeasure {Int+3 Slay+4}
MPRegen 0.29/turn

%: repel missiles, reflection, rampage
@: protected from fire, flying, studying Stealth
A: sickness immunity, AC +16, big wings, negative energy resistance 1,
electricity resistance, torment resistance 1, petrification resistance
}: 2/15 runes: serpentine, barnacled
a: Renounce Religion, Upheaval, Elemental Force, Disaster Area


You were on level 5 of the Vaults.
You worshipped Qazlal.
Qazlal was exalted by your worship.
You visited 8 branches of the dungeon, and saw 39 of its levels.
You visited the Abyss 2 times.
You visited 3 bazaars.
You also visited: Gauntlet and Volcano.

You collected 4108 gold pieces.
You spent 2960 gold pieces at shops.

Inventory:

Hand Weapons
 y - a +0 war axe of flaming
 F - a +9 broad axe of venom (weapon)
Missiles
 q - 6 silver javelins
 w - 36 boomerangs (quivered)
 C - 2 throwing nets
 V - 3 darts of dispersal
Armour
 a - a +4 plate armour of fire resistance (worn)
 b - the +1 helmet of Cumiqyxa (worn) {rPois Will+}
   (You found it in a Gauntlet)

   rPois:     It protects you from poison Will+: It increases your willpower.
 e - the +1 cloak of the Sky (worn) {rPois rN+ MP+9}
   (You bought it in a shop in a bazaar)

   rPois:     It protects you from poison rN+: It protects you from negative
   energy.
   MP+9:      It affects your magic capacity (+9).
 h - a +2 pair of boots of rampaging (worn)
 k - a +0 tower shield (worn)
 B - the +1 pair of gloves of Mordant Joy (worn) {rF+}
   (You found it on level 3 of the Elven Halls)

   rF+:       It protects you from fire.
Jewellery
 l - an amulet of reflection (around neck)
 n - the ring of Qazlal's Displeasure (right hand) {Int+3 Slay+4}
   (You bought it in a shop on level 1 of the Snake Pit)

   [ring of slaying]

   Int+3:     It affects your intelligence (+3).
   Slay+4:    It affects your accuracy & damage with ranged weapons and melee
   (+4).
 p - a ring of fire (left hand)
 v - a +5 ring of evasion
 H - a +4 ring of slaying
 M - the amulet of Plog {Contam rElec rPois rC+++ Regen+}
   (You found it on level 2 of the Lair of Beasts)

   [amulet of regeneration]

   rC+++:     It renders you almost immune to cold.
   rElec:     It insulates you from electricity.
   rPois:     It protects you from poison Contam: It causes magical
   contamination when unequipped.
   Regen+:    It increases your rate of health regeneration.
 N - the ring "Wooh" {rC+ Int+3}
   (You took it off a yaktaur on level 4 of the Vaults)

   [ring of protection from cold]

   Int+3:     It affects your intelligence (+3).
   rC+:       It protects you from cold.
 Y - a ring of resist corrosion
Wands
 R - a wand of quicksilver (27)
 T - a wand of iceblast (63)
 Z - a wand of digging (8)
Scrolls
 d - 8 scrolls of teleportation
 m - 4 scrolls of immolation
 s - 8 scrolls of fog
 t - 4 scrolls of poison
 x - 9 scrolls of fear
 J - 2 scrolls of revelation
 L - 2 scrolls of blinking
 W - 3 scrolls of summoning
 X - a scroll of silence
Potions
 g - 21 potions of curing
 j - 6 potions of berserk rage
 o - 4 potions of resistance
 r - a potion of enlightenment
 z - 5 potions of might
 D - 3 potions of heal wounds
 G - 5 potions of haste
 I - 3 potions of cancellation
 Q - 7 potions of invisibility
Miscellaneous
 f - a tin of tremorstones (1/2)
 S - a lightning rod (4/4)


   Skills:
 * Level 19.4 Fighting
 - Level 18.0 Axes
 - Level 2.1 Throwing
 + Level 13.1 Armour
 - Level 0.5 Dodging
 - Level 3.6 Stealth
 + Level 21.0 Shields
 - Level 3.6 Spellcasting
 * Level 19.6 Invocations
 * Level 11.7 Evocations


You had 28 spell levels left.
You didn't know any spells.
Your spell library contained the following spells:

 Spells                   Type           Power      Damage    Failure   Level
 Apportation              Tloc           4%         N/A       88%         1
 Foxfire                  Conj/Fire      12%        2x1d4     88%         1
 Kiss of Death            Conj/Necr      8%         2d6       88%         1
 Magic Dart               Conj           8%         1d3       88%         1
 Necrotise                Necr           8%         1d4       88%         1
 Slow                     Hex            8%         N/A       88%         1
 Sting                    Tmut/Pois      8%         1d3       88%         1
 Summon Small Mammal      Summ           8%         N/A       88%         1
 Blink                    Tloc           4%         N/A       96%         2
 Call Imp                 Summ           4%         N/A       96%         2
 Ensorcelled Hibernation  Hex/Ice        4%         N/A       96%         2
 Jinxbite                 Hex            4%         N/A       96%         2
 Passwall                 Tmut/Erth      1%         N/A       96%         2
 Poisonous Vapours        Pois/Air       4%         N/A       96%         2
 Scorch                   Fire           6%         2d5       96%         2
 Static Discharge         Conj/Air       4%         2-3/arc   96%         2
 Call Canine Familiar     Summ           2%         N/A       99%         3
 Confusing Touch          Hex            2%         N/A       99%         3
 Dazzling Flash           Conj/Hex       4%         N/A       99%         3
 Gell's Gravitas          Tloc           2%         N/A       99%         3
 Hailstorm                Conj/Ice       2%         3d3       99%         3
 Ignite Poison            Fire/Tmut/Pois 3%         N/A       99%         3
 Inner Flame              Hex/Fire       3%         N/A       99%         3
 Mephitic Cloud           Conj/Pois/Air  2%         N/A       99%         3
 Ozocubu's Armour         Ice            2%         N/A       99%         3
 Sigil of Binding         Hex            2%         N/A       99%         3
 Stone Arrow              Conj/Erth      4%         3d7       99%         3
 Summon Guardian Golem    Hex/Summ       2%         N/A       99%         3
 Swiftness                Air            2%         N/A       99%         3
 Teleport Other           Tloc           2%         N/A       99%         3
 Tukima's Dance           Hex            2%         N/A       99%         3
 Vampiric Draining        Necr           2%         2d6       99%         3
 Volatile Blastmotes      Fire/Tloc      6%         2d10      99%         3
 Airstrike                Air            1%         2d(1-17)  100%        4
 Anguish                  Hex/Necr       1%         N/A       100%        4
 Dimensional Bullseye     Hex/Tloc       1%         N/A       100%        4
 Dispel Undead            Necr           2%         3d7       100%        4
 Flame Wave               Conj/Fire      3%         2d5       100%        4
 Fulminant Prism          Conj/Hex       1%         3d5       100%        4
 Iskenderun's Mystic Bla  Conj/Tloc      2%         2d3       100%        4
 Leda's Liquefaction      Hex/Erth       1%         N/A       100%        4
 Manifold Assault         Tloc           2%         N/A       100%        4
 Olgreb's Toxic Radiance  Pois           2%         N/A       100%        4
 Sticky Flame             Conj/Fire      3%         2d3       100%        4
 Summon Ice Beast         Ice/Summ       2%         N/A       100%        4
 Summon Lightning Spire   Summ/Air       2%         N/A       100%        4
 Agony                    Necr           2%         N/A       100%        5
 Alistair's Intoxication  Tmut/Pois      1%         N/A       100%        5
 Borgnjor's Vile Clutch   Necr/Erth      1%         N/A       100%        5
 Iskenderun's Battlesphe  Conj           2%         2d6       100%        5
 Lee's Rapid Deconstruct  Erth           1%         3d4*      100%        5
 Metabolic Englaciation   Hex/Ice        1%         N/A       100%        5
 Silence                  Hex/Air        1%         N/A       100%        5
 Bombard                  Conj/Erth      1%         9d1       100%        6
 Conjure Ball Lightning   Conj/Air       1%         3x3d6     100%        6
 Dispersal                Tloc           1%         N/A       100%        6
 Eringya's Noxious Bog    Tmut/Pois      1%         4d6       100%        6
 Plasma Beam              Fire/Air       1%         2x1d11    100%        6
 Simulacrum               Ice/Necr       1%         N/A       100%        6
 Starburst                Conj/Fire      1%         6d3       100%        6
 Malign Gateway           Summ/Tloc      1%         N/A       100%        7
 Orb of Destruction       Conj           1%         9d5       100%        7
 Ozocubu's Refrigeration  Ice            1%         4d7       100%        7
 Spellforged Servitor     Conj/Summ      1%         N/A       100%        7
 Borgnjor's Revivificati  Necr           1%         N/A       100%        8
 Discord                  Hex            1%         N/A       100%        8
 Disjunction              Tloc           1%         N/A       100%        8
 Ignition                 Fire           1%         3d3       100%        8
 Polar Vortex             Ice            1%         N/A       100%        9


Dungeon Overview and Level Annotations

Branches:
Dungeon (15/15)            Temple (1/1) D:5            Lair (5/5) D:9
 Shoals (4/4) Lair:2        Snake (4/4) Lair:3        Slime (0/5) Lair:5
    Orc (2/2) D:9             Elf (3/3) Orc:2        Vaults (5/5) D:14
  Crypt (0/3) Vaults:2     Depths (0/4) D:15        Volcano (visited)
Gauntlet (visited)

Altars:
Ashenzari
Cheibriados
Dithmenos
Elyvilon
Fedhas
Gozag
Hepliaklqana
Kikubaaqudgha
Makhleb
Nemelex Xobeh
Okawaru
Qazlal
Ru
Sif Muna
Trog
Uskayaw
Vehumet
Wu Jian
Xom
Yredelemnul
Zin
The Shining One
Jiyva

Shops:
D:2 (   Orc:2 *[:(   Elf:2 *   Shoals:3 *   Snake:1 =:=   Vaults:1 (
Vaults:2 [

Portals:
Trove: Vaults:1 (give 16 scrolls of teleportation)


Innate Abilities, Weirdness & Mutations

You are immune to sickness and miasma.
Your stone body is resilient. (AC +16)
You are immune to poison.
Your large and strong wings let you fly.
You resist negative energy. (rN+)
You are resistant to electric shocks. (rElec)
You are resistant to unholy torment.
You are immune to petrification.


Message History

You feel more protected from physical attacks.
Your magical effects are unravelling.
* * * LOW HITPOINT WARNING * * *
The quicksilver dragon is engulfed in blazing flames.
The quicksilver dragon breathes dispelling energy at you.
The bolt of dispelling energy hits you but does no damage.
You feel more protected from physical attacks.
The titan barely misses you.
A yaktaur comes into view.
The vault warden is engulfed in blazing flames.
Flame seeps out of the vault warden.
The vault warden hits you with a +0 great sword.
* * * LOW HITPOINT WARNING * * *
The quicksilver dragon is engulfed in blazing flames. x2
The quicksilver dragon bites you!
* * * LOW HITPOINT WARNING * * *
The quicksilver dragon claws you but does no damage.
You hear a shout!
You can move again.
You feel much better.
A redback comes into view.
The quicksilver dragon is engulfed in blazing flames.
The quicksilver dragon breathes dispelling energy at you.
The bolt of dispelling energy hits you!
* * * LOW HITPOINT WARNING * * *
A stone giant comes into view.
The titan hits you!!
* * * LOW HITPOINT WARNING * * *
You feel more protected from physical attacks.
A vault guard comes into view. It is wielding a +0 battleaxe.
The ettin is engulfed in blazing flames.
A vault warden comes into view. It is wielding a +0 great sword.
The vault warden is engulfed in blazing flames.
Qazlal accepts your kill.
The runic seals fade away.
The vault warden explodes!
The fiery explosion engulfs you. You resist.
Your resistance to physical damage fades away.
You feel protected from fire.
You die...

....#....#.c.p
...#....#.ec.
........Cec
####.§§..Q.c###
....§○)○☼D§....
....§○○C<)§....
...§§)DDG<§§...
...§)§°@<☼)....
####p○C°)§§☼###
....§)§§☼§☼p..C
....§#☼§○.#s...
....p#....# .##
.... #....# #
... #....# #..
#....#


You could see 2 titans, a storm dragon, 2 quicksilver dragons, a stone giant, a
vault warden, a tengu reaver, a yaktaur captain, a vault guard, a deep elf
annihilator, a deep elf death mage, an ettin, an ironbound convoker, 3 yaktaurs,
a necromancer, a redback (wandering) and a floating eye shaped shifter.

Vanquished Creatures
  The ghost of MrSquiggles the Phalangite, an adept MiFi of Okawaru (Shoals:2)
  The ghost of HilariousDeathArtist the Markshuman, an adept HuFi of Okawaru (Elf:2)
  Mlioglotl (Snake:1)
  A titan (Vaults:2)
  3 deep elf blademasters
  2 deep elf master archers (Elf:3)
  A tentacled starspawn (Abyss:2)
  2 sphinxes
  A tengu reaver (Vaults:3)
  Agnes (Elf:2)
  The ghost of Kemp the Severer, an adept MiMo of Ashenzari (Snake:1)
  Roxanne (Elf:1)
  4 deep elf sorcerers
  5 nagarajas
  12 vault wardens
  Louise (Lair:2)
  A fire giant (shapeshifter) (D:9)
  3 deep elf elementalists (Elf:3)
  3 orc warlords
  An angel (Abyss:2)
  3 very ugly things (Vaults:1)
  8 ironbound preservers
  3 war gargoyles
  3 formless jellyfish
  8 ironbound thunderhulks
  A stone giant (D:15)
  2 deep elf demonologists (Elf:3)
  Nessos (D:13)
  10 dire elephants
  10 deep elf annihilators
  A minotaur (Gauntlet)
  An eidolon (Vaults:2)
  A white draconian (Abyss:2)
  A merfolk impaler (Shoals:4)
  A fire dragon (Volcano)
  5 merfolk javelineers
  2 deep elf death magi
  A spectral kraken (Shoals:4)
  A shambling mangrove (D:14)
  10 yaktaur captains
  Josephine (D:11)
  2 entropy weavers
  5 great orbs of eyes
  2 deep elf high priests (Elf:3)
  3 peacekeepers
  29 vault guards
  9 anacondas
  3 ghost crabs (Shoals:4)
  6 salamander tyrants
  6 hydras
  A catoblepas (Lair:5)
  12 centaur warriors
  4 ironbound frosthearts
  4 two-headed ogres
  3 alligator snapping turtles
  3 boulder beetles
  The ghost of Loveship the Spear-Bearer, a journeyman GrEE of Sif Muna (Lair:1)
  4 merfolk aquamancers
  4 death yaks (Lair:5)
  3 merfolk avatars
  29 dancing weapons
  A satyr (Shoals:4)
  3 orc high priests
  2 tengu warriors (D:15)
  A deep troll shaman (Lair:5)
  10 naga warriors
  Nergalle (Orc:1)
  Urug (D:10)
  8 shock serpents
  10 deep elf knights
  5 sun demons (Volcano)
  7 naga sharpshooters
  A thrashing horror (Abyss:2)
  A wretched star (Abyss:2)
  4 skysharks
  A skeletal warrior (Vaults:2)
  7 salamander mystics
  22 deep trolls
  3 glowing orange brains
  14 sea snakes
  A flayed ghost (Abyss:2)
  A steelbarb worm (shapeshifter) (Vaults:2)
  5 naga ritualists
  8 deep elf archers
  An obsidian statue (Elf:2)
  4 wizards
  4 lindwurms
  13 ironbound convokers
  A phantasmal warrior (D:12)
  14 starcursed masses (Abyss:2)
  4 necromancers
  25 deep elf pyromancers
  14 harpies
  8 orc knights
  An oklob plant (Snake:1)
  17 ugly things
  25 deep elf zephyrmancers
  9 fauns
  16 mana vipers
  31 salamanders
  6 orc sorcerers
  8 cyclopes
  16 manticores
  5 merfolk sirens
  15 elephants
  A torpor snail (Lair:4)
  A toenail golem (Abyss:2)
  34 black mambas
  5 guardian serpents
  4 water nymphs
  12 naga magi
  3 smoke demons
  10 vault sentinels
  11 cane toads
  2 rime drakes (D:12)
  3 spectral sea snakes (Shoals:4)
  4 kobold demonologists
  8 komodo dragons
  37 yaktaurs
  An efreet (D:9)
  3 freezing wraiths
  An unseen horror (D:12)
  2 tengu conjurers (D:14)
  2 spectral merfolk (Shoals:4)
  An ancient zyme (Abyss:2)
  2 trolls
  12 wind drakes
  3 polar bears
  3 hornets
  19 merfolk
  2 meliai (D:12)
  A tarantella (Vaults:3)
  4 blink frogs
  2 raiju (Abyss:2)
  A raiju (shapeshifter) (Elf:3)
  A snapping turtle (shapeshifter) (D:14)
  4 dream sheep
  12 snapping turtles
  2 air elementals
  A jumping spider (Vaults:3)
  Sigmund (D:6)
  7 large abominations
  22 slime creatures
  8 wraiths
  A spectral wind drake (Shoals:4)
  A centaur simulacrum (D:15)
  8 water elementals
  50 yaks
  5 wyverns
  5 hogs
  Grum (D:11)
  4 basilisks
  2 chaos spawn (Abyss:2)
  4 small abominations
  2 redbacks
  A neqoxec (Abyss:2)
  9 steam dragons
  A fire elemental (Elf:3)
  A redback (shapeshifter) (Elf:3)
  4 vampire mosquitoes (D:14)
  A warg (Orc:1)
  38 nagas
  A spectral snapping turtle (Shoals:4)
  3 acid dragons
  Duvessa (D:4)
  A hell hound (Volcano)
  23 water moccasins
  8 black bears
  A sky beast (D:6)
  30 orc warriors
  5 ice beasts
  5 ogres
  A boggart (Vaults:2)
  3 phantoms
  11 centaurs
  28 wolves
  A bullfrog (shapeshifter) (D:9)
  18 bullfrogs
  3 gnoll sergeants
  3 scorpions
  An earth elemental (Elf:3)
  3 wights
  Dowan (D:4)
  9 killer bees
  14 electric eels
  4 howler monkeys
  A lava snake (Lair:5)
  5 hounds
  14 jellies
  Crazy Yiuf (D:4)
  25 orc priests
  An iron imp (Abyss:2)
  2 sleepcaps
  Ijyb (D:5)
  27 orc wizards
  4 iguanas
  15 gnolls
  7 adders
  A shadow imp (D:7)
  5 white imps
  2 ufetubi
  A worm (D:4)
  3 dart slugs
  88 orcs
  4 endoplasms
  3 giant cockroaches
  31 hobgoblins
  2 jackals (D:1)
  4 quokkas
  6 ball pythons
  6 bats
  27 goblins
  6 kobolds
  2 rats
  A starspawn tentacle (Abyss:2)
  A tentacle (Shoals:4)
1471 creatures vanquished.

Vanquished Creatures (collateral kills)
  Jorgrun (D:12)
  Kirke (D:12)
  A vault warden (Vaults:3)
  An orc warlord (Vaults:1)
  An ironbound thunderhulk (Vaults:4)
  A merfolk javelineer (Shoals:4)
  2 entropy weavers (Vaults:1)
  A great orb of eyes (Vaults:4)
  Harold (Lair:2)
  2 hydras
  A merfolk aquamancer (Shoals:4)
  An anaconda (Snake:4)
  A boulder beetle (D:14)
  A tengu warrior (D:15)
  Amaemon (D:11)
  A deep elf knight (Elf:2)
  A deep troll (Vaults:1)
  An orc knight (Vaults:1)
  An orc sorcerer (Orc:2)
  A manticore (D:14)
  2 salamanders (Snake:4)
  2 ugly things (D:14)
  A guardian serpent (Snake:4)
  An orange demon (D:11)
  2 yaktaurs
  A tengu conjurer (D:15)
  A meliai (D:12)
  A hornet (D:14)
  3 yaks (Lair:2)
  2 vampire mosquitoes (D:15)
  A warg (Orc:2)
  5 orc warriors (Orc:2)
  An ogre (Orc:2)
  2 orc priests (Orc:2)
  2 orc wizards (Orc:2)
  8 orcs (Orc:2)
57 creatures vanquished.

Vanquished Creatures (others)
  3 deep elf knights (Elf:2)
  A deep elf zephyrmancer (Elf:2)
  A deep elf pyromancer (Elf:2)
  A black mamba (Snake:1)
  A merfolk (Shoals:4)
  A wyvern (D:9)
  A human (D:13)
  A lava snake (Lair:5)
  An orc wizard (D:9)
  A howler monkey simulacrum (D:9)
  A lurking horror (Abyss:2)
  4 starspawn tentacles (Abyss:2)
  8 tentacles (Shoals:4)
25 creatures vanquished.

Grand Total: 1553 creatures vanquished

Notes
Turn   | Place    | Note
-------+----------+-------------------------------------------
     0 | D:1      | jlumianski the Gargoyle Fighter began the quest for the
                  | Orb.
     0 | D:1      | Reached XP level 1. HP: 14/14 MP: 1/1
   136 | D:1      | Reached XP level 2. HP: 19/19 MP: 2/2
   546 | D:1      | Reached XP level 3. HP: 21/23 MP: 3/3
  1221 | D:2      | Found Ohod's Weapon Shop.
  1691 | D:3      | Noticed a scorpion
  1702 | D:3      | Killed a scorpion
  1703 | D:3      | Reached skill level 4 in Shields
  1703 | D:3      | Reached XP level 4. HP: 23/28 MP: 4/4
  1722 | D:3      | Got an upside-down book
  1821 | D:2      | Reached XP level 5. HP: 32/32 MP: 5/5
  2195 | D:3      | Identified the +6 dagger of the Vulture {spect, Str+3}
  2424 | D:3      | Reached XP level 6. HP: 38/38 MP: 6/6
  2465 | D:4      | Noticed Duvessa
  2812 | D:4      | Noticed Dowan
  2813 | D:4      | Killed Duvessa
  2814 | D:4      | Reached skill level 5 in Shields
  2819 | D:4      | Killed Dowan
  2926 | D:5      | Entered Level 5 of the Dungeon
  2991 | D:4      | Reached XP level 7. HP: 44/44 MP: 7/7
  2999 | D:4      | Found a shimmering blue altar of Sif Muna.
  3012 | D:4      | Found a broken altar of Ashenzari.
  3180 | D:5      | Found a staircase to the Ecumenical Temple.
  3207 | Temple   | Entered the Ecumenical Temple
  3283 | Temple   | Became a worshipper of Qazlal Stormbringer
  3904 | D:4      | Found a runed translucent door.
  3905 | D:4      | Noticed Crazy Yiuf
  4366 | D:4      | Killed Crazy Yiuf
  4367 | D:4      | Reached skill level 1 in Stealth
  4621 | D:5      | Noticed a yak
  4647 | D:4      | Reached skill level 5 in Fighting
  4647 | D:4      | Reached skill level 6 in Shields
  4770 | D:6      | Found a radiant altar of Vehumet.
  4789 | D:6      | Reached skill level 5 in Axes
  4789 | D:6      | Reached XP level 8. HP: 49/49 MP: 8/8
  4909 | D:5      | Noticed Ijyb
  4914 | D:5      | Paralysed by Ijyb for 5 turns
  4922 | D:5      | Killed Ijyb
  5173 | D:5      | Reached skill level 5 in Armour
  5295 | D:5      | Reached skill level 1 in Invocations
  5352 | D:5      | Reached * piety under Qazlal
  5613 | D:5      | Reached ** piety under Qazlal
  5640 | D:5      | Reached skill level 7 in Shields
  6037 | D:5      | Killed a yak
  6038 | D:5      | Reached XP level 9. HP: 55/55 MP: 11/11
  6251 | D:6      | Noticed Sigmund
  6263 | D:6      | Killed Sigmund
  6264 | D:6      | Reached skill level 1 in Throwing
  6694 | D:6      | Reached skill level 5 in Invocations
  6845 | D:6      | Reached skill level 8 in Shields
  7029 | D:6      | Reached XP level 10. HP: 59/63 MP: 14/14
  7448 | D:7      | Reached *** piety under Qazlal
  7632 | D:7      | Found a snail-covered altar of Cheibriados.
  8095 | D:7      | Reached skill level 9 in Shields
  8932 | D:8      | Identified the +9 war axe of Ozag Ick {freeze, *Slow rElec
                  | Int+3 Dex+2}
  9425 | D:9      | Noticed a kobold demonologist
  9455 | D:9      | Noticed a smoke demon
  9459 | D:8      | Killed a kobold demonologist
  9562 | D:9      | Found a staircase to the Lair.
  9761 | D:9      | Reached skill level 10 in Shields
  9761 | D:9      | Reached XP level 11. HP: 67/68 MP: 17/17
  9838 | D:10     | Entered Level 10 of the Dungeon
  9949 | D:9      | Noticed a two-headed ogre
  9960 | D:9      | Killed a two-headed ogre
 10010 | D:9      | Noticed a boulder beetle
 10018 | D:9      | Killed a boulder beetle
 10141 | D:9      | Noticed a cyclops
 10141 | D:9      | Found the +1 robe of Vines {NoPotionHeal Regen++++}
 10188 | D:9      | Killed a cyclops
 10563 | D:9      | Noticed a six-headed hydra
 10564 | D:9      | Noticed a manticore
 10719 | D:9      | Found a staircase to the Orcish Mines.
 10724 | Orc:1    | Entered Level 1 of the Orcish Mines
 10781 | Orc:1    | Reached **** piety under Qazlal
 10869 | D:9      | Killed a five-headed hydra
 10870 | D:9      | Reached skill level 11 in Shields
 10938 | D:9      | Noticed a centaur warrior
 10943 | D:9      | Killed a centaur warrior
 10944 | D:9      | Reached skill level 10 in Invocations
 10949 | D:9      | Noticed a centaur warrior
 10954 | D:9      | Killed a centaur warrior
 10962 | D:9      | Identified the ring of Liberalism {Fly rF+ rN+ Str-5 Int+2}
 10979 | D:9      | Killed a manticore
 11190 | D:9      | Noticed a sixfirhy
 11262 | D:10     | Reached XP level 12. HP: 73/76 MP: 18/20
 11287 | D:10     | Found a glowing golden altar of the Shining One.
 11304 | D:11     | Noticed Amaemon
 11426 | D:10     | Noticed a five-headed hydra
 11435 | D:10     | Killed a one-headed hydra
 11474 | D:10     | Noticed a two-headed ogre
 11483 | D:10     | Killed a two-headed ogre
 11519 | D:10     | Noticed Urug
 11526 | D:10     | Killed Urug
 12012 | D:11     | Noticed Grum
 12014 | D:11     | Killed Amaemon
 12020 | D:11     | Killed Grum
 12021 | D:11     | Reached skill level 10 in Axes
 12028 | D:11     | Reached skill level 12 in Shields
 12033 | D:11     | Identified the +10 rapier "Omufolemma" {speed, rElec Int+4}
 12149 | D:11     | You are sucked into a shaft and drop 3 floors!
 12166 | D:13     | Noticed Nessos
 12180 | D:13     | Killed Nessos
 12286 | D:13     | Noticed a centaur warrior
 12289 | D:13     | Killed a centaur warrior
 12565 | D:12     | Reached skill level 10 in Fighting
 12627 | D:12     | Noticed Jorgrun
 12798 | D:11     | Noticed Josephine
 12802 | D:11     | Killed Josephine
 12845 | D:11     | Noticed a boulder beetle
 12867 | D:11     | Killed a boulder beetle
 12929 | D:11     | Noticed a two-headed ogre
 12937 | D:11     | Killed a two-headed ogre
 13230 | D:11     | Noticed a two-headed ogre
 13241 | D:11     | Killed a two-headed ogre
 13242 | D:11     | Reached XP level 13. HP: 82/82 MP: 22/22
 13770 | Lair:1   | Entered Level 1 of the Lair of Beasts
 13858 | Lair:1   | Found a gate leading to a gauntlet.
 13876 | Lair:1   | Found a runed translucent gate.
 13876 | Lair:1   | Found a runed translucent gate.
 13876 | Lair:1   | Found a runed translucent gate.
 13912 | Gauntlet | Entered a Gauntlet
 13912 | Gauntlet | Found a transporter.
 13919 | Gauntlet | Noticed a dire elephant
 13922 | Gauntlet | Found a transporter.
 13925 | Gauntlet | Found a transporter.
 13925 | Gauntlet | Found a transporter.
 13928 | Gauntlet | Found a transporter.
 13948 | Gauntlet | Found a transporter.
 13951 | Gauntlet | Found a transporter.
 13952 | Gauntlet | Found a transporter.
 14028 | Gauntlet | Found a runed translucent door.
 14040 | Gauntlet | Found a transporter.
 14072 | Gauntlet | Found a transporter.
 14072 | Gauntlet | Found a transporter.
 14123 | Gauntlet | Found a transporter.
 14199 | Gauntlet | Identified the +1 helmet of Cumiqyxa {rPois Will+}
 14226 | Gauntlet | Identified the +0 hat of the Shrieking God {rC- Will- rCorr
                  | SInv}
 14425 | Gauntlet | Noticed a minotaur
 14443 | Gauntlet | Killed a minotaur
 14599 | Gauntlet | Identified the +1 glaive "Sanaqauw" {drain, Dex+4}
 15064 | Lair:2   | Reached skill level 13 in Shields
 15200 | Lair:2   | Noticed Harold
 15212 | Lair:2   | Killed Harold
 15282 | Lair:3   | Found a staircase to the Snake Pit.
 15658 | Lair:2   | Identified the amulet of Plog {Contam rElec rPois rC+++
                  | Regen+}
 16008 | Lair:2   | Found a staircase to the Shoals.
 16437 | Lair:4   | Found a dark tunnel.
 16471 | Volcano  | Entered a volcano
 16556 | Volcano  | Gained mutation: Your large and strong wings let you fly.
                  | [Gargoyle growth]
 16556 | Volcano  | Reached XP level 14. HP: 72/90 MP: 24/24
 16559 | Volcano  | Reached ***** piety under Qazlal
 16795 | Volcano  | Reached skill level 14 in Shields
 16861 | Volcano  | Upgraded the game from 0.31-a0-810-ga77100ea1a to
                  | 0.31-a0-836-g3ceb0a68c4
 17388 | Lair:1   | Noticed Loveship's ghost (journeyman GrEE)
 17410 | Lair:1   | Killed Loveship's ghost
 17646 | Lair:5   | Entered Level 5 of the Lair of Beasts
 18273 | Lair:5   | Identified the +3 leather armour of Limited Liability
                  | {Harm}
 18279 | Lair:5   | Identified the amulet "Ideucuow" {RegenMP rElec Str+2
                  | Stlth+}
 18586 | Lair:4   | Reached skill level 15 in Invocations
 19037 | Lair:5   | Found a viscous altar of Jiyva.
 19038 | Lair:5   | Found a staircase to the Slime Pits.
 19360 | Lair:5   | Reached XP level 15. HP: 97/97 MP: 26/26
 19730 | D:9      | Noticed a fire giant
 19738 | D:9      | Killed a fire giant
 19780 | D:9      | Identified the ring of the Solstice {Int+3 Dex+6}
 19801 | D:9      | Identified the staff "jlumianski's Doom" {Fly rPois rF+ rC+
                  | Int-5 Fire}
 20127 | D:12     | Reached skill level 1 in Evocations
 20341 | D:12     | Killed Jorgrun
 20485 | D:12     | Reached skill level 15 in Shields
 21226 | D:13     | Noticed Kirke
 21342 | D:12     | Killed Kirke
 21366 | D:13     | Reached skill level 1 in Spellcasting
 21405 | D:13     | Identified the +4 leather armour of Existentialism {Slay+3}
 22058 | D:14     | Identified the +0 ring mail of Gluttony {Drain Regen+ Int+5
                  | Dex+4}
 22063 | D:15     | Entered Level 15 of the Dungeon
 22455 | D:14     | Found a gate to the Vaults.
 22839 | D:14     | Identified the +0 robe of the Prince of Darkness {rElec
                  | rF+}
 23394 | D:15     | Reached skill level 10 in Armour
 23536 | D:15     | Found a staircase to the Depths.
 24007 | Orc:2    | Entered Level 2 of the Orcish Mines
 24057 | Orc:2    | Found a flickering gateway to a bazaar.
 24063 | Orc:2    | Found a staircase to the Elven Halls.
 24069 | Bazaar   | Entered a bazaar
 24089 | Bazaar   | Found Fikkagh's Antique Armour Shoppe.
 24107 | Bazaar   | Found Agel's Assorted Antiques.
 24163 | Bazaar   | Found Loeppiot's Antique Armour Shop.
 24180 | Bazaar   | Found Ruxikup's Antique Armour Emporium.
 24236 | Bazaar   | Bought a scorched cloak for 199 gold pieces
 24236 | Bazaar   | Identified the +1 cloak of the Sky {rPois rN+ MP+9} (You
                  | bought it in a shop in a bazaar)
 24236 | Bazaar   | Bought a pair of embroidered boots for 157 gold pieces
 24268 | Bazaar   | Bought a glowing cloak for 187 gold pieces
 24268 | Bazaar   | Bought a smoking chain mail for 237 gold pieces
 24268 | Bazaar   | Identified the +9 chain mail of Hounistrock {rC+ Regen+
                  | Slay-6 Stlth+} (You bought it in a shop in a bazaar)
 24369 | Orc:1    | Noticed Nergalle
 24388 | Orc:1    | Killed Nergalle
 25090 | Orc:1    | Reached XP level 16. HP: 99/104 MP: 27/27
 25573 | Orc:1    | Upgraded the game from 0.31-a0-836-g3ceb0a68c4 to
                  | 0.31-a0-841-g038b102fc3
 25877 | Orc:2    | Found a burning altar of Makhleb.
 26107 | Orc:2    | Found Dagi's Antique Armour Emporium.
 26109 | Orc:2    | Found Komp's Antique Weapon Shoppe.
 26112 | Orc:2    | Found Usoluib's General Store.
 26112 | Orc:2    | Found Keygi's Book Emporium.
 26711 | Lair:3   | Identified a scroll of acquirement
 26712 | Lair:3   | Acquired a +0 broad axe of venom
 27178 | Snake:1  | Entered Level 1 of the Snake Pit
 27493 | Snake:1  | Found Idiugu's Jewellery Shop.
 27493 | Snake:1  | Found Angez's Book Emporium.
 27494 | Snake:1  | Found Hicu's Jewellery Shop.
 27500 | Snake:1  | Bought the ring of Qazlal's Displeasure {Int+3 Slay+4} for
                  | 1186 gold pieces
 27519 | Snake:1  | Noticed Kemp's ghost (adept MiMo)
 27520 | Snake:1  | Found a runed translucent gate.
 27520 | Snake:1  | Noticed Mlioglotl
 27541 | Snake:1  | Noticed a tentacled starspawn
 27542 | Snake:1  | Killed Mlioglotl
 27813 | Snake:1  | Found a runed translucent gate.
 27815 | Snake:1  | Found a runed translucent gate.
 27851 | Snake:1  | Reached skill level 16 in Shields
 28013 | Snake:1  | Found a white marble altar of Elyvilon.
 28330 | Snake:1  | Killed Kemp's ghost
 28361 | Snake:1  | Got a peculiar book
 28445 | Snake:2  | Reached skill level 5 in Evocations
 28868 | Snake:2  | Reached XP level 17. HP: 108/111 MP: 29/29
 29874 | Snake:3  | Reached skill level 15 in Axes
 29952 | Snake:4  | Entered Level 4 of the Snake Pit
 30546 | Snake:3  | Identified the +7 spear "Pyqeji" {venom, *Noise Fly rF+}
 30750 | Snake:2  | Upgraded the game from 0.31-a0-841-g038b102fc3 to
                  | 0.31-a0-844-gdc52ec4e09
 30887 | Snake:3  | Reached skill level 17 in Shields
 30992 | Snake:3  | Reached ****** piety under Qazlal
 31736 | Snake:4  | Identified the +4 spear "Ziah" {drain, rN+ Int-5 SInv}
 32326 | Snake:4  | Reached XP level 18. HP: 117/117 MP: 30/30
 32377 | Snake:4  | Got a serpentine rune of Zot
 32547 | Snake:4  | Upgraded the game from 0.31-a0-844-gdc52ec4e09 to
                  | 0.31-a0-845-g9abc20d24f
 33013 | Shoals:1 | Entered Level 1 of the Shoals
 33062 | Shoals:1 | Noticed Louise
 33079 | Lair:2   | Killed Louise
 34028 | Shoals:2 | Found a runed translucent door.
 34030 | Shoals:2 | Found a shimmering altar of Xom.
 34030 | Shoals:2 | Noticed MrSquiggles's ghost (adept MiFi)
 35244 | Shoals:2 | Killed MrSquiggles's ghost
 35245 | Shoals:2 | Reached skill level 15 in Fighting
 35660 | Shoals:4 | Entered Level 4 of the Shoals
 35747 | Shoals:3 | Found Yskarch's General Store.
 35755 | Shoals:3 | Reached skill level 18 in Shields
 35788 | Shoals:3 | Bought a potion of mutation for 112 gold pieces
 36565 | Shoals:4 | Identified the ring "Lenteim" {Will+ Str+3 Stlth+}
 36948 | Shoals:4 | Reached XP level 19. HP: 96/124 MP: 31/31
 37658 | D:9      | Upgraded the game from 0.31-a0-845-g9abc20d24f to
                  | 0.31-a0-851-g7ff8af7976
 37904 | Shoals:4 | Got a grimy book
 38293 | Shoals:4 | Got a barnacled rune of Zot
 38758 | Elf:1    | Entered Level 1 of the Elven Halls
 38793 | Elf:1    | Paralysed by an air elemental for 1 turns
 39636 | Elf:2    | Noticed Agnes
 39652 | Elf:2    | Killed Agnes
 39682 | Elf:1    | Noticed Roxanne
 40048 | Elf:1    | Got an exquisite book
 40092 | Elf:1    | Killed Roxanne
 40282 | Elf:2    | Found a gateway to a bazaar.
 40327 | Bazaar   | Entered a bazaar
 40327 | Bazaar   | Found Ponwaobb's Armour Boutique.
 40327 | Bazaar   | Found Wuqafeps's Antique Armour Shop.
 40327 | Bazaar   | Found Owkutaid's Weapon Shop.
 40339 | Bazaar   | Bought a pair of embroidered boots for 232 gold pieces
 40397 | Elf:1    | Found a radiant altar of Vehumet.
 40460 | Elf:3    | Entered Level 3 of the Elven Halls
 40533 | Elf:2    | Paralysed by an air elemental for 1 turns
 40919 | Elf:2    | Found a runed translucent gate.
 40919 | Elf:2    | Found a runed translucent gate.
 40919 | Elf:2    | Found a runed translucent gate.
 40955 | Elf:2    | Found a runed translucent gate.
 40955 | Elf:2    | Found a runed translucent gate.
 40955 | Elf:2    | Found a runed translucent gate.
 40956 | Elf:2    | Found an opulent altar of Gozag.
 40957 | Elf:2    | Noticed HilariousDeathArtist's ghost (adept HuFi)
 40959 | Elf:2    | Found Qoqijuurch's Assorted Antiques.
 41325 | Elf:2    | Reached skill level 19 in Shields
 42181 | Elf:2    | Killed HilariousDeathArtist's ghost
 42906 | Elf:3    | Reached XP level 20. HP: 131/131 MP: 33/33
 43012 | Abyss:2  | Cast into level 2 of the Abyss (a deep elf demonologist)
 43029 | Elf:3    | Escaped the Abyss
 43364 | Elf:3    | Identified the +7 chain mail of the Purple Skies {rC- Str+6
                  | Dex-4}
 43380 | Elf:3    | Identified the ring of Xom's Sleight of Hands {Ice rElec
                  | Int-4 SInv Stlth+}
 43391 | Elf:3    | Identified the +1 war axe of the Moth {heavy, Will+}
 43867 | Elf:3    | Identified the ring of Ascent {rPois rC+ MP+9 Int+6}
 43876 | Elf:3    | Identified the +2 leather armour of Xyon Xig {+Blink rF-
                  | Str+3}
 44161 | Elf:1    | Reached skill level 10 in Evocations
 44626 | Elf:3    | Identified the +1 pair of gloves of Mordant Joy {rF+}
 44649 | Elf:3    | Identified the +0 leather armour of Viefuath {rN+ Str+3
                  | Dex+2}
 44683 | Elf:3    | Got a glistering book
 45649 | Vaults:1 | Entered Level 1 of the Vaults
 46249 | Vaults:1 | Found a portal to a secret trove of treasure.
 46770 | Vaults:1 | Found Ifiskemo's Weapon Shop.
 48149 | Vaults:2 | Reached XP level 21. HP: 126/139 MP: 34/34
 48272 | Abyss:2  | Cast into level 2 of the Abyss (a wizard)
 48421 | Abyss:2  | Reached skill level 20 in Shields
 48453 | Abyss:2  | Found a corrupted altar of Lugonu.
 48456 | Abyss:2  | Found a corrupted altar of Lugonu.
 48456 | Abyss:2  | Found a corrupted altar of Lugonu.
 48531 | Vaults:2 | Escaped the Abyss
 49173 | Vaults:2 | Found a staircase to the Crypt.
 49371 | Vaults:3 | Found a flickering gateway to a bazaar.
 49407 | Bazaar   | Entered a bazaar
 49407 | Bazaar   | Found Mabeoss's Antique Weapon Boutique.
 49407 | Bazaar   | Found Pyhuse Koklo's General Store.
 49407 | Bazaar   | Found Janky's Distillery.
 49407 | Bazaar   | Found Lokizxi's Book Boutique.
 49407 | Bazaar   | Found Emygguerch's Jewellery Boutique.
 49412 | Bazaar   | Bought a potion of heal wounds for 55 gold pieces
 49420 | Bazaar   | Bought a scroll of enchant armour for 105 gold pieces
 49420 | Bazaar   | Bought a scroll of teleportation for 42 gold pieces
 49424 | Bazaar   | Bought a +4 broad axe of electrocution for 448 gold pieces
 49843 | Vaults:2 | Found Rumeoz's Armour Emporium.
 50878 | Vaults:3 | Found the +9 sword of Power {lifebolt}
 51523 | Vaults:5 | Entered Level 5 of the Vaults
 52210 | Vaults:4 | Identified the ring "Wooh" {rC+ Int+3}
 52211 | Vaults:4 | Reached XP level 22. HP: 148/148 MP: 35/35
 53390 | Vaults:5 | Reached skill level 21 in Shields
 53394 | Vaults:5 | Paralysed by a floating eye for 4 turns
 53397 | Vaults:5 | HP: 1/150 [titan (25)]
 53397 | Vaults:5 | Killed by an exploding vault warden... ignited by their
                  | inner flame

Illustrated notes

Levels and vault maps discovered:
D:1:      dpeg_arrival_connections, layout_basic, st_stairs_13,
          chequers_serial_rivers_large_a, minmay_strange_pillars,
          nicolae_concentric_dashed_squares_mild
D:2:      layout_basic, serial_shops, nicolae_shop_waterfront
D:3:      layout_rooms, hangedman_decor_opposing
D:4:      layout_loops_cross, nicolae_overflow_squiral, uniq_duvessa,
          uniq_crazy_yiuf_cottage
D:5:      minmay_goblin_kobold_castle, layout_basic,
          minmay_temple_entry_statues, minivault_26, minmay_manual_mess,
          uniq_ijyb
D:6:      layout_basic, lemuel_crystal_altar, minmay_fractal_squares_diagonal_5,
          uniq_sigmund
D:7:      cheibrodos_two_vegetables, layout_gridville, overflow_temple_1_default
D:8:      layout_basic, nicolae_elevator_lobby_plus
D:9:      minmay_the_grid_octo_triangle [minmay_the_grid_octo_teeth,
          minmay_the_grid_octo_prize_star, minmay_the_grid_octo_checkerflower],
          layout_loops_corners, due_lair_maze_entry_diamond, orc_0_dummy
D:10:     layout_rooms, lemuel_round_altar, uniq_urug
D:11:     layout_layer_cave, chequers_serial_rivers_micro_e,
          minmay_misc_feat_columns, uniq_josephine, uniq_grum, uniq_amaemon
D:12:     minmay_mutant_horseshoe, layout_loops_ring, portal_ice_cave_rime,
          eino_jars, uniq_jorgrun
D:13:     layout_roguey, grunt_decor_one_mirror, uniq_nessos, uniq_kirke
D:14:     layout_irregular_city, erik_vaults_1, chequers_big_river,
          serial_column_ruins, column_ruins_hut, column_ruins_columns_T,
          column_ruins_columns_corner, column_ruins_grid_1,
          column_ruins_open_small, column_ruins_open_small,
          hellmonk_guarded_unrand_vines
D:15:     grunt_enter_depths_snipers, layout_rooms, minivault_12
Temple:   minmay_temple_bridge_d
Lair:1:   layout_gridlike, gauntlet_entry_generic, ebering_ghost_rock_garden
Lair:2:   layout_cave_pods, nicolae_shoals_entry_roost, uniq_harold
Lair:3:   layout_regular_city, guppyfry_snake_entry_garden, minivault_26
Lair:4:   layout_regular_city, nicolae_volcano_entry_lava_flow
Lair:5:   grunt_lair_end_beastmaster, layout_cave_shapes,
          minmay_slime_entry_jelly_boxes, nicolae_lair_liquid_snakes,
          serial_bayou_shore_a, grunt_megastairs_2
Shoals:1: layout_shoals, uniq_louise
Shoals:2: layout_shoals, ebering_ghost_xom, nicolae_shoals_gull_way
Shoals:3: cheibrodos_shoals_roost, layout_shoals, serial_shops, shop
Shoals:4: shoals_end_simple, layout_shoals, nicolae_shoals_cliffside_cave,
          nicolae_shoals_spectral_cove
Snake:1:  layout_misc_corridors, gammafunk_ghost_split, lemuel_oklob_altar,
          lemuel_fruit_tree, grunt_megastairs_3, serial_bayou_shore_b,
          minmay_shop_grove, uniq_mlioglotl
Snake:2:  layout_layer_cave, serial_bayou_crossing
Snake:3:  layout_cave_pods, nicolae_snake_slithery_hallway,
          nicolae_snake_guarding_the_ruins
Snake:4:  grunt_snake_rune_pools, layout_rooms
Orc:1:    layout_caves, uniq_nergalle
Orc:2:    st_orc_congregation, layout_caves, serial_shops, bzr_in_the_mist,
          basic_altar, guppyfry_library_mini
Elf:1:    layout_loops_corners, minmay_elf_sorcery, lemuel_upstairs_altar,
          uniq_roxanne
Elf:2:    elven_hall_of_blades_hangedman_original [nooodl_blade_entry_preview],
          layout_rooms, serial_shops, freezing_bzr, ebering_ghost_gozag,
          abandoned_shop, uniq_agnes
Elf:3:    elf_hall, layout_geoelf_octagon
Vaults:1: nicolae_vaults_arrows, nicolae_vaults_trapezoid_lopsided_2,
          nicolae_vaults_yaktaur_gun_rack, nicolae_vaults_doubleplus_tesselated,
          nicolae_vaults_security_offices_2, vaults_dpeg_emergency_exit,
          nicolae_vaults_double_plus_1, nicolae_vaults_closet_pinwheel_4,
          v_alt_pattern_4, v_alt_pattern_5, ontoclasm_vaults_pinch,
          vaults_mumra_lcd, layout_vaults_omnicross, enter_trove_3,
          serial_shops, nicolae_shop_tiny_real_fake_doors
Vaults:2: vaults_mumra_minichess_inversion, ontoclasm_vaults_bender,
          hangedman_vaults_locks, nicolae_vaults_double_plus_1, st_lattice,
          nicolae_vaults_wine_cellar, grunt_vaults_hallway_short,
          nicolae_vaults_tetromino_T_1, nicolae_vaults_storage_room_statues,
          hangedman_vaults_trim, serial_ice_m, ontoclasm_vaults_shuriken,
          dpeg_vaults_monster_box, minmay_crypt_entry_simple_box,
          layout_vaults_big_room, serial_shops, shop
Vaults:3: hangedman_vaults_snaps, vaults_room_fours, vaults_room_boxed,
          nicolae_vaults_network_square, nicolae_vaults_house_1,
          nicolae_vaults_weapon_check, v_misc_26,
          nicolae_vaults_trapezoid_lopsided_1, nicolae_vaults_trapezoid_4,
          vaults_room_grid, nicolae_vaults_little_squares_5,
          vaults_room_hallway, layout_vaults_ring, serial_shops, bzr_entry_islet
Vaults:4: hangedman_vaults_variations, nicolae_vaults_double_plus_3,
          ontoclasm_vaults_loading_screen, v_rooms_5, grunt_vaults_hallway_long,
          v_misc_10, nicolae_vaults_tetromino_L_1,
          ontoclasm_vaults_decontamination, nicolae_vaults_cornered_office,
          hangedman_vaults_nails, nicolae_vaults_tetromino_Z_2,
          nicolae_vaults_asterisk, layout_vaults_maze
Vaults:5: serial_shops

Skill      XL: |  1  2  3  4  5  6  7  8  9 10 11 12 13 14 15 16 17 18 19 20 21 22 |
---------------+-------------------------------------------------------------------+-----
Axes           | 2 3 4 5 6 7 8 9 10 12 13 14 15 16 17 18 | 18.0
Armour         | 4 5 6 7 8 9 10 11 12 13 | 13.1
Shields        | 4 5 6 7 8 10 11 12 13 14 15 16 17 18 19 20 21 | 21.0
Fighting       | 4 5 6 7 8 9 10 11 12 13 14 15 16 17 18 19 | 19.4
Stealth        | 1 2 3 |  3.6
Invocations    | 3 5 8 10 12 14 15 16 17 18 19 | 19.6
Throwing       | 1 2 |  2.1
Evocations     | 3 5 7 8 9 10 11 | 11.7
Spellcasting   | 3 |  3.6
Dodging        | |  0.5

Action                     |  1- 3 |  4- 6 |  7- 9 | 10-12 | 13-15 | 16-18 | 19-21 | 22-24 || total
---------------------------+-------+-------+-------+-------+-------+-------+-------+-------++-------
  Melee: War axe           |   102 |   164 |   350 |   437 |   798 |   136 |       |       ||  1987
         Unarmed           |       |       |       |       |     1 |       |       |       ||     1
         Broad axe         |       |       |       |       |       |   911 |  1151 |    45 ||  2107
  Throw: Stone             |     1 |       |       |       |       |       |       |       ||     1
         Dart              |       |       |    19 |     9 |     3 |       |       |       ||    31
         Boomerang         |       |       |       |     2 |     3 |    10 |     1 |       ||    16
         Throwing net      |       |       |       |       |       |     2 |       |       ||     2
 Invoke: Upheaval          |       |       |       |     7 |     8 |     5 |     6 |       ||    26
         Elemental Force   |       |       |       |     1 |    12 |     7 |     6 |       ||    26
         Disaster Area     |       |       |       |       |       |     1 |       |       ||     1
  Evoke: Wand              |       |       |       |     2 |     2 |     1 |     1 |       ||     6
         Lightning rod     |       |       |       |       |     2 |     3 |     4 |       ||     9
         Tin of tremorston |       |       |       |       |       |     1 |     3 |     1 ||     5
    Use: Potion            |     3 |     2 |     2 |     2 |     2 |     2 |     5 |     1 ||    19
         Scroll            |       |       |     5 |    20 |    10 |    12 |     8 |     1 ||    56
   Stab: Paralysed         |       |       |       |     1 |     1 |     3 |     5 |       ||    10
         Petrified         |       |       |       |       |     6 |       |       |       ||     6
 Armour: Scale mail        |    71 |    83 |       |       |       |       |       |       ||   154
         Chain mail        |       |    16 |    98 |       |       |       |       |       ||   114
         Plate armour      |       |       |   179 |   339 |   536 |   583 |   466 |    47 ||  2150
         Skin              |       |       |       |       |     5 |       |       |       ||     5
  Dodge: Dodged            |    35 |    34 |    55 |    55 |   100 |   127 |    83 |     6 ||   495
         Repelled          |       |       |       |     1 |     4 |    14 |    14 |       ||    33
  Block: Buckler           |     4 |       |       |       |       |       |       |       ||     4
         Tower shield      |    95 |   209 |   413 |   624 |  1140 |  1475 |  1217 |    54 ||  5227
         Reflection        |       |       |    23 |    32 |    36 |   181 |   173 |    14 ||   459
         Other             |       |       |       |       |     3 |       |       |       ||     3

Table legend: (Time is in decaauts)
 A = Elapsed time spent in this place.
 B = Non-inter-level travel time spent in this place.
 C = Inter-level travel time spent in this place.
 D = Time resting spent in this place.
 E = Time spent auto-exploring this place.
 F = Levels seen in this place.
 G = Mean time per level.
                   A        B        C        D        E       F      G
               +--------+--------+--------+--------+--------+-----+--------+
         Total |  53796 |  48569 |   5227 |   5433 |  24129 |  46 | 1169.5 |
       Dungeon |  19483 |  17359 |   2124 |   1037 |   9646 |  15 | 1298.9 |
        Temple |    145 |     76 |     69 |      0 |      0 |   1 |  145.0 |
          Lair |   6107 |   5183 |    924 |    392 |   2809 |   5 | 1221.4 |
        Shoals |   5019 |   4732 |    287 |    576 |   2620 |   4 | 1254.8 |
     Snake Pit |   5453 |   5170 |    283 |    542 |   2857 |   4 | 1363.2 |
  Orcish Mines |   2718 |   2299 |    419 |    439 |    592 |   2 | 1359.0 |
   Elven Halls |   6150 |   5517 |    633 |   1181 |   2119 |   3 | 2050.0 |
        Vaults |   6818 |   6332 |    486 |    728 |   3256 |   5 | 1363.6 |
         Abyss |    249 |    249 |      0 |     14 |      0 |   2 |  124.5 |
        Bazaar |    318 |    318 |      0 |      0 |    152 |   3 |  106.0 |
       Volcano |    646 |    646 |      0 |    244 |     67 |   1 |  646.0 |
      Gauntlet |    685 |    685 |      0 |    280 |     10 |   1 |  685.0 |
               +--------+--------+--------+--------+--------+-----+--------+

Top non-repeatable levels by time:
     D:9: 2834 daAuts
Vaults:1: 2277 daAuts
   Elf:2: 2222 daAuts
   Elf:3: 2191 daAuts
     D:5: 1824 daAuts
 Snake:3: 1793 daAuts
Vaults:3: 1766 daAuts
   Elf:1: 1736 daAuts
  Lair:2: 1672 daAuts
    D:11: 1621 daAuts
Vaults:2: 1612 daAuts
 Snake:2: 1577 daAuts
     D:7: 1551 daAuts
   Orc:2: 1476 daAuts
    D:12: 1434 daAuts
